 Dungeon Crawl Stone Soup version 0.29.1-1-gd02db6906a (webtiles) character file.

Game seed: 3881290988449637844

42 Earthwalker the Trooper (level 3, -3/30 HPs)
             Began as a Merfolk Abyssal Knight on Oct 10, 2022.
             Was a Priest of Lugonu.
             Slain by Sigmund
             ... wielding a +1 vampiric scythe
              (8 damage)
             ... on level 2 of the Dungeon.
             The game lasted 00:04:13 (1349 turns).

Earthwalker the Trooper (Merfolk Abyssal Knight)    Turns: 1349, Time: 00:04:14

Health: -3/30      AC:  5    Str: 15    XL:     3   Next: 56%
Magic:  4/4        EV: 12    Int:  9    God:    Lugonu [***...]
Gold:   124        SH:  0    Dex: 14    Spells: 2/2 levels left

rFire   . . .      SeeInvis .   a - +1 spear
rCold   . . .      Faith    .   (no shield)
rNeg    + . .      Spirit   .   b - +0 leather armour
rPois   .          Reflect  .   (no helmet)
rElec   .          Harm     .   (no cloak)
rCorr   .          Rampage  .   (no gloves)
Will    .....                   i - +1 pair of boots
Stlth   +.........              (no amulet)
HPRegen 0.10/turn               c - ring of positive energy
MPRegen 0.09/turn               (no ring)

@: no status effects
A: (nimble swimmer 2), mertail
a: Renounce Religion, Depart the Abyss, Bend Space, Banish


You were on level 2 of the Dungeon.
You worshipped Lugonu.
Lugonu was most pleased with you.
You visited 1 branch of the dungeon, and saw 2 of its levels.
You visited the Abyss 1 time.

You collected 124 gold pieces.

Inventory:

Hand Weapons
 a - a +1 spear (weapon)
Missiles
 f - 6 poisoned darts
Armour
 b - a +0 leather armour (worn)
 i - a +1 pair of boots (worn)
Jewellery
 c - a ring of positive energy (left hand)
Scrolls
 h - a scroll of enchant armour {unknown}
 n - a scroll of immolation {unknown}
Potions
 d - 2 potions of flight {unknown}
 e - a potion of curing {unknown}
 g - 3 potions of brilliance {unknown}
 j - 2 potions of cancellation {unknown}
 k - a potion of degeneration {unknown}
 l - a potion of heal wounds {unknown}
 m - a potion of invisibility {unknown}


   Skills:
 * Level 4.0 Fighting
 * Level 2.9 Polearms
 * Level 0.3 Throwing
 * Level 0.8 Armour
 * Level 3.1 Dodging
 * Level 0.6 Stealth
 * Level 0.8 Shields
 * Level 2.1 Invocations
 * Level 0.2 Evocations


You had 2 spell levels left.
You didn't know any spells.
Your spell library contained the following spells:

 Spells                   Type           Power      Damage    Failure   Level
 Olgreb's Toxic Radiance  Pois           0%         N/A       99%         4
 Ozocubu's Refrigeration  Ice            0%         4d7       100%        7
 Ignition                 Fire           0%         3d3       100%        8


Dungeon Overview and Level Annotations

Branches:
Dungeon (2/15)

Altars:

Annotations:
D:2 Sigmund


Innate Abilities, Weirdness & Mutations

((You are very nimble when in or above water. (Stealth+, EV+, Speed+++)))
Your lower body shifts to a powerful aquatic tail in water.


Message History

The endoplasm barely misses you.
You hit the endoplasm.
You kill the endoplasm!
Lugonu accepts your kill.
n - a scroll labelled DUKETA ASKAG You now have 124 gold pieces (gained 17).
Found an escape hatch in the floor.
There is an escape hatch in the floor here.
A ball python comes into view.
The ball python hisses angrily.
You closely miss the ball python.
The ball python bites you but does no damage.
The ball python misses you.
You hit the ball python.
You kill the ball python!
Lugonu accepts your kill.
Sigmund the Dreaded comes into view.
He is wielding a +1 vampiric scythe.
Sigmund hits you with a +1 vampiric scythe.
You hit Sigmund but do no damage.
Sigmund hits you with a +1 vampiric scythe!
You hit Sigmund.
Sigmund is lightly wounded.
You hit Sigmund.
Sigmund is lightly wounded.
Sigmund points at you and mumbles some strange words.
The puff of flame hits you!
* * * LOW HITPOINT WARNING * * *
You closely miss Sigmund.
Sigmund is lightly wounded.
Sigmund barely misses you.
You hit Sigmund.
Sigmund is moderately wounded.
Sigmund hits you with a +1 vampiric scythe.
* * * LOW HITPOINT WARNING * * *
You hit Sigmund.
Sigmund is moderately wounded.
You hit Sigmund but do no damage.
Sigmund is moderately wounded.
Sigmund hits you with a +1 vampiric scythe!
You die...

#.......'..# #....#
#.......##.# #....#
#.......##.#####....#
##########..........#
#######....# ..#.####
#.#.#############
###@#.#...........#
#..@#.#.#########.#
###.#.#.# #.# #.#.#.#
#.# #.#.#.# #.#
#.#...# #.#
#.#############.#
#.........>.....#
#################


You could see Sigmund.

Vanquished Creatures
  2 dart slugs (D:1)
  4 bats (D:1)
  6 endoplasms
  4 hobgoblins
  7 jackals (D:1)
  3 ball pythons
  4 frilled lizards (D:1)
  A goblin (D:1)
  3 rats
34 creatures vanquished.

Notes
Turn   | Place    | Note
-------+----------+-------------------------------------------
     0 | Abyss:1  | Earthwalker the Merfolk Abyssal Knight began the quest for
                  | the Orb.
     0 | Abyss:1  | Reached XP level 1. HP: 18/18 MP: 2/2
     1 | D:1      | Escaped the Abyss
   107 | D:1      | Found a faded altar of an unknown god.
   126 | D:1      | Reached XP level 2. HP: 5/24 MP: 3/3
   632 | D:1      | Reached XP level 3. HP: 13/30 MP: 4/4
   900 | D:1      | Reached *** piety under Lugonu
  1097 | D:2      | Reached skill level 4 in Fighting
  1338 | D:2      | Noticed Sigmund
  1349 | D:2      | Slain by Sigmund

Illustrated notes

Levels and vault maps discovered:
D:1:      dpeg_arrival_tiny_g, layout_rooms, basic_ecumenical_altar
D:2:      cheibrodos_greedy_goblins, layout_basic, uniq_robin, uniq_sigmund

Skill      XL: |  1  2  3 |
---------------+----------+-----
Dodging        | 3 |  3.1
Fighting       | 4 |  4.0
Polearms       | |  2.9
Throwing       | |  0.3
Armour         | |  0.8
Stealth        | |  0.6
Shields        | |  0.8
Invocations    | |  2.1
Evocations     | |  0.2

Action                   || total
-------------------------++-------
Melee: Spear             ||   112
  Use: Scroll            ||     2
 Stab: Sleeping          ||     1
Armor: Leather armour    ||    40
Dodge: Dodged            ||    74
